Cogmind - Beta 13 *** ADVENTURER MODE // 2024.06.22 @ 18:54:33 Player: yub Result: Destroyed by Cetus Guard with Advanced KE Penetrator Performance ------------- Evolutions (4) 2000 Regions Visited (8) 1600 Robots Destroyed (36) 180 Value Destroyed (1465) 1465 Prototype IDs (3) 60 Alien Tech Used (0) 0 Bonus (969) 969 TOTAL SCORE: 6274 Bonus ------- Pacifist 200 Follower Combat Kills 269 Entered DSFs 500 Cogmind --------- Core Integrity 0/850 Matter 238/300 Energy 99/100 System Corruption 0% Temperature Cool (0) Movement Core (50) Location -6/Cetus Parts ------- > --- POWER (1) -------- (None) > --- PROPULSION (2) --- (None) > --- UTILITY (10) ----- Improved Signal Interpreter Hacking Suite > --- WEAPON (2) ------- (None) > --- INVENTORY (5) ---- Aluminum Leg Carbon-fiber Leg Medium Battery (150) Mini Grenade Launcher Remote Datajack Peak State ------------ > --- POWER ------------ Light Angular Momentum Engine > --- PROPULSION ------- Carbon-fiber Leg Improved Titanium Leg > --- UTILITY ---------- Medium Storage Unit Improved Sensor Array Improved Signal Interpreter Improved Terrain Scanner Terrain Scan Processor Advanced Targeting Computer Armor Integrity Analyzer Hardened Medium Armor Plating Thermal Shield Hacking Suite > --- WEAPON ----------- Cooled Plasma Cannon Remote Datajack > --- INVENTORY -------- Aluminum Leg Medium Battery Recoil Stabilizer Matter Filter ECM Suite Improved Light Armor Plating Shield Generator Tractor Beam Improved Field Recycling Unit Mini Grenade Launcher [Rating: 54] Favorites ----------- Power Light Ion Engine Engine Light Ion Engine Power Core Nuclear Core Propulsion Carbon-fiber Leg Leg Carbon-fiber Leg Utility Medium Storage Unit Device Improved Terrain Scanner Storage Medium Storage Unit Processor Terrain Scan Processor Hackware Hacking Suite Protection Hardened Medium Armor Plating Weapon Cooled Plasma Cannon Energy Cannon Cooled Plasma Cannon Ballistic Gun Light Assault Rifle Ballistic Cannon Magnetic Acceleration Cannon Launcher Mini Grenade Launcher Special Weapon Remote Datajack Build | -11 -10 -9 -8 -7 -7 -6 -6 -6 ------- Run | Yrd Mat Mat Mat Fac DSF Fac Ext Cet Slots Evolved 8 | . . 2 2 2 . 2 . . Power . | . . . . . . . . . Propulsion . | . . . . . . . . . Utility 8 | . . 2 2 2 . 2 . . Weapon . | . . . . . . . . . Parts Attached 80 | 6 2 10 23 4 1 7 20 7 Power 10 | 1 . 1 2 1 . . 4 1 Engine 6 | 1 . 1 . 1 . . 3 . Core 4 | . . . 2 . . . 1 1 Reactor . | . . . . . . . . . Propulsion 14 | 2 . 3 4 1 . . 2 2 Treads . | . . . . . . . . . Leg 14 | 2 . 3 4 1 . . 2 2 Wheel . | . . . . . . . . . Hover . | . . . . . . . . . Flight . | . . . . . . . . . Utility 40 | 1 2 4 12 2 1 5 10 3 Device 25 | . 1 3 8 . 1 3 6 3 Storage 3 | 1 1 . . . . 1 . . Processor 7 | . . 1 3 1 . 1 1 . Hackware 1 | . . . . 1 . . . . Protection 4 | . . . 1 . . . 3 . Artifact . | . . . . . . . . . Weapon 16 | 2 . 2 5 . . 2 4 1 Energy Gun . | . . . . . . . . . Energy Cannon 3 | . . . 1 . . 1 . 1 Ballistic Gun 5 | 2 . . 3 . . . . . Ballistic Cannon 3 | . . 2 . . . . 1 . Launcher 4 | . . . 1 . . 1 2 . Special Weapon 1 | . . . . . . . 1 . Impact Weapon . | . . . . . . . . . Slashing Weapon . | . . . . . . . . . Piercing Weapon . | . . . . . . . . . Special Melee Weapon . | . . . . . . . . . Unidentified Prototypes 1 | . . . . . . 1 . . Parts Lost 23 | . . . 4 . 2 . 6 11 Power 3 | . . . 1 . . . . 2 Propulsion 5 | . . . 2 . . . 1 2 Utility 11 | . . . . . 1 . 5 5 Weapon 4 | . . . 1 . 1 . . 2 Highest Loss Streak 11 | . . . 2 . 2 . 3 11 To Critical Strikes 2 | . . . . . . . . 2 Average Slot Usage (%) 97 | . 95 93 99 100 94 99 98 50 Engine 5 | . 14 11 2 2 7 6 4 2 Core 2 | . . . 6 4 . . 1 . Leg 15 | . 28 22 17 15 15 13 12 5 Device 17 | . 9 18 17 7 7 19 19 11 Storage 7 | . 14 11 9 7 7 6 6 3 Processor 21 | . . 7 27 30 26 25 24 13 Hackware 3 | . . . . 7 7 6 6 6 Protection 4 | . . . . 7 7 6 7 . Energy Cannon 4 | . . . 1 7 7 12 5 2 Ballistic Gun 5 | . 28 13 12 7 5 . . . Ballistic Cannon 2 | . . 8 2 . . . 1 1 Launcher 1 | . . . 1 . . . 1 1 Special Weapon 1 | . . . . . . . 3 . Naked Turns . | . . . . . . . . . Heaviest Build 57 | 11 17 21 35 35 34 43 57 56 Greatest Support 40 | 20 20 23 30 35 35 35 40 40 Greatest Overweight (x) 2 | . . 1 1 1 . 1 1 2 Average Overweight (x) . | . . . . . . 1 . . Largest Inventory Capacity 10 | 8 10 10 10 10 10 10 10 10 Average Capacity 9 | 6 8 10 10 10 10 10 10 8 Most Carried 10 | 5 3 10 10 10 10 9 10 9 Average Carried 8 | 1 2 6 9 9 10 7 9 6 Final Capacity 10 | 8 10 10 10 10 10 10 10 5 Final Carried 10 | 1 3 10 10 10 10 8 9 5 Class Distribution -------------------- 45% | Scavenger-Skirmisher 18% | Mutant 16% | Scavenger-Mutant 15% | Hacker-Mutant 4% | Hacker-Skirmisher Dominant Class ---------------- Mutant | -10/Materials Mutant | -9/Materials Scavenger-Skirmisher | -8/Materials Hacker-Skirmisher | -7/Factory Hacker-Mutant | -7/DSF Hacker-Mutant | -6/Factory Scavenger-Skirmisher | -6/Extension Hacker-Mutant | -6/Cetus Resources | -11 -10 -9 -8 -7 -7 -6 -6 -6 ----------- Run | Yrd Mat Mat Mat Fac DSF Fac Ext Cet Matter Collected 1454 | 193 . 223 717 . . . 321 . Remotely 691 | . . 223 468 . . . . . Salvage Created 1346 | . . 195 866 . . . 240 45 Parts 79 | . . 23 42 . . . 12 2 Haulers Intercepted . | . . . . . . . . . Recyclers Shooed . | . . . . . . . . . Parts Field Recycled . | . . . . . . . . . Retrieved Matter . | . . . . . . . . . Parts Self-Destructed . | . . . . . . . . . Prevented . | . . . . . . . . . Kills | -11 -10 -9 -8 -7 -7 -6 -6 -6 ------- Run | Yrd Mat Mat Mat Fac DSF Fac Ext Cet Combat Hostiles Destroyed 23 | . . 2 16 . . . 4 1 Guns 13 | . . 2 11 . . . . . Cannons 7 | . . . 3 . . . 3 1 AOE 2 | . . . 2 . . . . . Classes Destroyed 9 | . . 5 3 . . . 1 . Builder 2 | . . 1 1 . . . . . Tunneler 1 | . . . 1 . . . . . Recycler 3 | . . 1 2 . . . . . Operator 2 | . . . 2 . . . . . Watcher 5 | . . 4 . . . . 1 . Grunt 13 | . . 1 12 . . . . . Sentry 5 | . . 1 2 . . . 2 . Hunter 2 | . . . 2 . . . . . Behemoth 2 | . . . . . . . 2 . Cetus Guard 1 | . . . . . . . . 1 Best Kill Streak 8 | . . 2 8 . . . 2 1 Combat Bots Only 4 | . . 1 4 . . . 2 1 Max Kills in Single Turn 2 | . . 1 2 . . . 1 1 Gunslinging . | . . . . . . . . . Exploded 2 | . . . 2 . . . . . Melee . | . . . . . . . . . Uniques/NPCs Destroyed . | . . . . . . . . . Combat | -11 -10 -9 -8 -7 -7 -6 -6 -6 -------- Run | Yrd Mat Mat Mat Fac DSF Fac Ext Cet Hostile Shots Fired 566 | . 6 21 103 . 26 . 318 92 Missed 212 | . 1 7 20 . 14 . 146 24 Damage Taken 3826 | . 30 126 861 . 150 . 1298 1361 Core 1054 | . . 36 146 . 11 . 261 600 Absorbed by Shields 312 | . . 16 115 . 43 . 138 . Ignored by Resistances 1368 | . 10 44 279 . 54 . 479 502 Core Remaining (%) 92 | 100 100 91 73 . 98 . . . Volleys Fired 130 | . . 32 66 . . . 29 3 Largest 2 | . . 2 2 . . . 2 2 Hottest 158 | . . 55 85 . . . 158 88 Shots Fired 217 | . . 57 118 . . . 36 6 Gun 123 | . . 38 85 . . . . . Cannon 79 | . . 19 24 . . . 30 6 Launcher 13 | . . . 9 . . . 4 . Special 2 | . . . . . . . 2 . Kinetic 159 | . . 57 94 . . . 5 3 Thermal 43 | . . . 15 . . . 25 3 Explosive 13 | . . . 9 . . . 4 . Electromagnetic . | . . . . . . . . . Robot Hit Streak 53 | . . 18 53 . . . 6 10 Robot Miss Streak 5 | . . 5 2 . . . 1 . Penetration Max 1 | . . . 1 . . . . . Secondary Targets . | . . . . . . . . . Shots Hit Robots 166 | . . 41 97 . . . 23 5 Core Hits 79 | . . 16 50 . . . 9 4 Critical Kills 1 | . . . . . . . 1 . Critical Parts Destroyed 1 | . . . 1 . . . . . Critical Strikes 3 | . . . 2 . . . 1 . Meltdown 1 | . . . . . . . 1 . Destroy 1 | . . . 1 . . . . . Blast 1 | . . . 1 . . . . . Melee Attacks . | . . . . . . . . . Impact . | . . . . . . . . . Slashing . | . . . . . . . . . Piercing . | . . . . . . . . . Sneak Attacks . | . . . . . . . . . Combat Hostiles . | . . . . . . . . . Follow-up Attacks . | . . . . . . . . . Damage Inflicted 3411 | . . 576 1860 . . . 820 155 Guns 1303 | . . 368 935 . . . . . Cannons 1541 | . . 208 436 . . . 742 155 Explosions 567 | . . . 489 . . . 78 . Melee . | . . . . . . . . . Ramming . | . . . . . . . . . Kinetic 1826 | . . 576 1043 . . . 114 93 Thermal 1018 | . . . 328 . . . 628 62 Explosive 567 | . . . 489 . . . 78 . Electromagnetic . | . . . . . . . . . Impact . | . . . . . . . . . Slashing . | . . . . . . . . . Piercing . | . . . . . . . . . Highest Corruption . | . . . . . . . . . Average Corruption . | . . . . . . . . . Corruption Purged . | . . . . . . . . . Corruption Blocked . | . . . . . . . . . Overload Shots 1 | . . . . . . . 1 . Overflow Damage 84 | . . 12 5 . . . 67 . Projectiles 84 | . . 12 5 . . . 67 . Explosions . | . . . . . . . . . Melee . | . . . . . . . . . Knockbacks 5 | . . 2 1 . . . 2 . Impact . | . . . . . . . . . Kinetic 5 | . . 2 1 . . . 2 . Secondary . | . . . . . . . . . Self-Inflicted Damage 41 | . . . 7 . . . 34 . Shots 3 | . . . 1 . . . 2 . Rammed . | . . . . . . . . . Targets Rammed . | . . . . . . . . . Kicked . | . . . . . . . . . Crushed . | . . . . . . . . . Highest Temperature 274 | . . 4 274 . . . 150 69 Average Temperature 49 | . . 2 56 . . . 41 29 Received Heat Transfer 1426 | . . 63 477 . . . 652 234 Siege Activations . | . . . . . . . . . Robots Corrupted . | . . . . . . . . . Combat Hostiles . | . . . . . . . . . Parts Fried . | . . . . . . . . . Impact Corruptions . | . . . . . . . . . Robots Melted 1 | . . . . . . . 1 . Combat Hostiles 1 | . . . . . . . 1 . Parts Melted 2 | . . . . . . . 2 . Heat Transferred 1461 | . . . 444 . . . 917 100 Parts Sabotaged . | . . . . . . . . . Parts Stolen . | . . . . . . . . . Parts Stripped . | . . . . . . . . . Power Chain Reactions . | . . . . . . . . . Alert | -11 -10 -9 -8 -7 -7 -6 -6 -6 ------- Run | Yrd Mat Mat Mat Fac DSF Fac Ext Cet Peak Influence 344 | . 33 158 344 133 81 52 292 20 Initial 133 | . . 11 16 133 81 34 21 . Average 66 | . 2 81 123 133 72 39 49 1 Maximum Alert Level 1 | . . . 1 . . . 1 . Low Security (%) 93 | 100 100 100 72 100 100 100 97 100 Level 1 6 | . . . 27 . . . 2 . Level 2 . | . . . . . . . . . Level 3 . | . . . . . . . . . Level 4 . | . . . . . . . . . Level 5 . | . . . . . . . . . High Security . | . . . . . . . . . Max Security . | . . . . . . . . . Squads Dispatched 4 | . . . 3 . . . 1 . Investigation 2 | . . . 2 . . . . . Extermination . | . . . . . . . . . Reinforcement 2 | . . . 1 . . . 1 . Assault . | . . . . . . . . . Garrison . | . . . . . . . . . Intercept . | . . . . . . . . . Searches Triggered . | . . . . . . . . . Construction Impeded . | . . . . . . . . . Haulers Reinforced . | . . . . . . . . . Active Scanning Responses . | . . . . . . . . . Cargo Convoy Interrupts . | . . . . . . . . . Stealth | -11 -10 -9 -8 -7 -7 -6 -6 -6 --------- Run | Yrd Mat Mat Mat Fac DSF Fac Ext Cet Distress Signals 3 | . . 1 1 . . . . 1 Communications Jammed . | . . . . . . . . . Distress Signals . | . . . . . . . . . Times Spotted 74 | . 3 15 19 . 2 1 29 5 Peak Tracking Total 6 | . 3 5 4 . 2 2 6 5 Tactical Retreats 13 | . 1 1 . . 1 . 10 . Traps | -11 -10 -9 -8 -7 -7 -6 -6 -6 ------- Run | Yrd Mat Mat Mat Fac DSF Fac Ext Cet Traps Triggered 5 | . . 2 1 . . . 2 . Indirectly . | . . . . . . . . . Trap Hack Attempts . | . . . . . . . . . Triggered . | . . . . . . . . . Disarmed . | . . . . . . . . . Reprogrammed . | . . . . . . . . . Reused . | . . . . . . . . . Traps Extracted . | . . . . . . . . . Installed . | . . . . . . . . . Triggered . | . . . . . . . . . Machines | -11 -10 -9 -8 -7 -7 -6 -6 -6 ---------- Run | Yrd Mat Mat Mat Fac DSF Fac Ext Cet Machines Disabled 9 | . . 1 6 . . . 2 . Max in Single Turn 2 | . . 1 2 . . . 1 . Garrison Access 1 | . . . . . . 1 . . Machines Repaired . | . . . . . . . . . Machines Dismantled . | . . . . . . . . . Machines Sabotaged . | . . . . . . . . . Overloaded Fab Kills . | . . . . . . . . . Hacking | -11 -10 -9 -8 -7 -7 -6 -6 -6 --------- Run | Yrd Mat Mat Mat Fac DSF Fac Ext Cet Machines Accessed 18 | . 4 2 3 1 . 2 6 . Terminals 17 | . 4 2 3 1 . 1 6 . Fabricators . | . . . . . . . . . Repair Stations . | . . . . . . . . . Recycling Units . | . . . . . . . . . Scanalyzers . | . . . . . . . . . Garrison Access 1 | . . . . . . 1 . . Total Hacks 41 | . 7 5 17 1 . 3 8 . Successful 27 | . 5 3 9 1 . 2 7 . Failed 13 | . 2 2 7 . . 1 1 . Catastrophic 4 | . . 1 3 . . . . . Database Lockouts 1 | . . . 1 . . . . . Manual 9 | . 2 . 5 . . 1 1 . Terminals 40 | . 7 5 17 1 . 2 8 . Fabricators . | . . . . . . . . . Repair Stations . | . . . . . . . . . Recycling Units . | . . . . . . . . . Scanalyzers . | . . . . . . . . . Garrison Access 1 | . . . . . . 1 . . Terminal Hacks 26 | . 5 3 9 1 . 1 7 . Record 9 | . . 2 7 . . . . . Prototype ID Bank 1 | . 1 . . . . . . . Open Door 5 | . . . . . . . 5 . Open DSF 2 | . . . . 1 . 1 . . Alert Level 2 | . 1 . 1 . . . . . Unreport Threat 1 | . . . 1 . . . . . Locate Traps 2 | . 1 . . . . . 1 . Maintenance Status 1 | . 1 . . . . . . . Surveillance Status 1 | . . 1 . . . . . . Zone Layout 2 | . 1 . . . . . 1 . Fabricator Hacks . | . . . . . . . . . Repair Station Hacks . | . . . . . . . . . Recycling Unit Hacks . | . . . . . . . . . Scanalyzer . | . . . . . . . . . Garrison Access Hacks 1 | . . . . . . 1 . . Seal Access 1 | . . . . . . 1 . . Unauthorized Hacks . | . . . . . . . . . Terminals . | . . . . . . . . . Fabricators . | . . . . . . . . . Repair Stations . | . . . . . . . . . Recycling Units . | . . . . . . . . . Scanalyzers . | . . . . . . . . . Garrison Access . | . . . . . . . . . Data Cores Recovered . | . . . . . . . . . Used . | . . . . . . . . . Hacking Detections 12 | . 3 2 3 . . . 4 . Full Trace Events 2 | . . . 2 . . . . . Feedback Events . | . . . . . . . . . Feedback Blocked . | . . . . . . . . . Robot Schematics Acquired . | . . . . . . . . . Robots Built . | . . . . . . . . . Authchips . | . . . . . . . . . Time . | . . . . . . . . . Total Robot Build Rating . | . . . . . . . . . Part Schematics Acquired . | . . . . . . . . . Parts Built . | . . . . . . . . . Authchips . | . . . . . . . . . Time . | . . . . . . . . . Total Part Build Rating . | . . . . . . . . . Parts Repaired . | . . . . . . . . . Time . | . . . . . . . . . Parts Recycled . | . . . . . . . . . Recycled Matter . | . . . . . . . . . Retrieved Matter . | . . . . . . . . . Retrieved Components . | . . . . . . . . . Parts Scanalyzed . | . . . . . . . . . Part Schematics Acquired . | . . . . . . . . . Parts Damaged . | . . . . . . . . . Bothacking | -11 -10 -9 -8 -7 -7 -6 -6 -6 ------------ Run | Yrd Mat Mat Mat Fac DSF Fac Ext Cet Used RIF Installer . | . . . . . . . . . Robots Hacked . | . . . . . . . . . Non-combat . | . . . . . . . . . Combat . | . . . . . . . . . Robot Hacks Applied . | . . . . . . . . . Relay Couplers Released . | . . . . . . . . . Fabnet Peak Effective % . | . . . . . . . . . Robots Rewired . | . . . . . . . . . Allies Hacked . | . . . . . . . . . Hacks Repelled . | . . . . . . . . . Allies | -11 -10 -9 -8 -7 -7 -6 -6 -6 -------- Run | Yrd Mat Mat Mat Fac DSF Fac Ext Cet Total Allies 5 | . . . . . . . 5 . Largest Group 4 | . . . . . . . 4 . Highest-Rated Group 268 | . . . . . . . 268 . Highest-Rated Ally 159 | . . . . . . . 159 . Total Orders . | . . . . . . . . . Ally Attacks 60 | . . . . . . . 60 . Total Damage 1387 | . . . . . . . 1387 . Kills 10 | . . . . . . . 10 . Allies Corrupted . | . . . . . . . . . Allies Melted . | . . . . . . . . . Intel | -11 -10 -9 -8 -7 -7 -6 -6 -6 ------- Run | Yrd Mat Mat Mat Fac DSF Fac Ext Cet Robot Analysis Total . | . . . . . . . . . Derelict Logs Recovered . | . . . . . . . . . Drone Launches . | . . . . . . . . . Drone Recoveries . | . . . . . . . . . Exploration | -11 -10 -9 -8 -7 -7 -6 -6 -6 ------------- Run | Yrd Mat Mat Mat Fac DSF Fac Ext Cet Turns Passed 4237 | 51 228 507 780 229 43 293 2000 106 Spaces Moved 2144 | 42 183 256 331 151 34 145 928 74 Core 67 | 17 . . . . . . . 50 Treads . | . . . . . . . . . Legs 2077 | 25 183 256 331 151 34 145 928 24 Wheels . | . . . . . . . . . Hover . | . . . . . . . . . Flight . | . . . . . . . . . Fastest Speed 50 | 50 120 120 120 125 125 195 120 50 Average Speed 156 | 91 120 120 131 136 125 195 189 85 Slowest Speed 260 | 120 120 190 190 190 125 195 195 260 Overloaded Moves . | . . . . . . . . . Propulsion Burnouts . | . . . . . . . . . Robots Hopped . | . . . . . . . . . Cave-ins Triggered . | . . . . . . . . . Exploration Rate (%) 27 | 3 31 23 30 4 46 4 82 22 Regions Visited 8 Branch Regions 2 Pre-discovered Areas . | . . . . . . . . . Known Exits Taken 4 | . . . 1 1 . 1 1 . Unknown Exits Taken 3 | 1 1 1 . . . . . . Scrap Searched . | . . . . . . . . . Spaces Dug 12 | . . . 10 . . . 2 . Terrain Destroyed 105 | . . . 87 . . . 18 . Melee . | . . . . . . . . . Projectile 5 | . . . 2 . . . 3 . AOE 100 | . . . 85 . . . 15 . Terrain Rammed . | . . . . . . . . . Walls Destroyed . | . . . . . . . . . Machines Disabled . | . . . . . . . . . Actions | -11 -10 -9 -8 -7 -7 -6 -6 -6 --------- Run | Yrd Mat Mat Mat Fac DSF Fac Ext Cet Total 2818 | 53 191 399 568 173 34 155 1132 113 Wait 374 | 1 2 85 116 16 . . 130 24 Move 2136 | 41 182 255 330 150 33 144 927 74 Hop . | . . . . . . . . . Pick Up 54 | 5 4 13 18 2 . 3 9 . Fast Attach 3 | 2 . . 1 . . . . . Attach 35 | 4 1 5 7 2 . 5 5 6 Detach 2 | . . . . . . . . 2 Swap 42 | . 1 5 15 2 1 2 15 1 Drop 31 | . 1 4 15 1 . 1 6 3 Fire 130 | . . 32 66 . . . 29 3 Melee . | . . . . . . . . . Ram . | . . . . . . . . . Kick . | . . . . . . . . . Crush . | . . . . . . . . . Escape Stasis 10 | . . . . . . . 10 . Rewire 1 | . . . . . . . 1 . Trap . | . . . . . . . . . Miscellaneous . | . . . . . . . . . Route ------- -11/Scrapyard -10/Materials (discovered 2 exits: *Mat / [*Min]) -9/Materials -8/Materials -7/Factory -7/DSF -6/Factory -6/Extension (discovered 3 exits: *Fac x2 / *Cet) -6/Cetus (discovered 1 exit: *Fac) History --------- Turn | Location | Event 2 | -11/Scrapyard | Met Revision 17 26 | -11/Scrapyard | Discovered new exit (range 13) 52 | -11/Scrapyard | Entered Materials 109 | -10/Materials | Discovered new exit (range 11) 179 | -10/Materials | Discovered new exit (range 12) 280 | -10/Materials | Entered another Materials area 280 | -9/Materials | Evolved 2 slots: Utility x2 305 | -9/Materials | Build established: Mutant 737 | -9/Materials | Discovered new exit (range 13) 787 | -9/Materials | Entered another Materials area 787 | -8/Materials | Evolved 2 slots: Utility x2 892 | -8/Materials | Central database locked down 1077 | -8/Materials | Build established: Scavenger-Skirmisher 1473 | -8/Materials | Discovered new exit (range 18) 1565 | -8/Materials | Identified exit to Factory 1567 | -8/Materials | Entered Factory 1567 | -7/Factory | Evolved 2 slots: Utility x2 1577 | -7/Factory | Identified exit to DSF 1796 | -7/Factory | Entered DSF 1813 | -7/DSF | Discovered new exit (range 19) 1833 | -7/DSF | Additional patrols routed to DSF 1838 | -7/DSF | Identified exit to Factory 1839 | -7/DSF | Entered Factory 1839 | -6/Factory | Evolved 2 slots: Utility x2 2103 | -6/Factory | Discovered new exit (range 16) 2107 | -6/Factory | Build established: Hacker-Mutant 2130 | -6/Factory | Identified exit to Extension 2132 | -6/Factory | Entered Extension 2208 | -6/Extension | Rescued a captive Derelict 2293 | -6/Extension | Rescued A7 2665 | -6/Extension | Build established: Scavenger-Skirmisher 2679 | -6/Extension | Rescued a captive Derelict 2703 | -6/Extension | Rescued a captive Derelict 2748 | -6/Extension | Rescued a captive Derelict 2761 | -6/Extension | Spotted B-75 Beast 2777 | -6/Extension | Spotted B-75 Beast 2825 | -6/Extension | Lost 4 allies 3415 | -6/Extension | Destroyed B-75 Beast 3486 | -6/Extension | Destroyed B-75 Beast 3601 | -6/Extension | Discovered new exit (range 11) 3774 | -6/Extension | Build established: Scavenger-Mutant 3843 | -6/Extension | Discovered new exit (range 16) 3845 | -6/Extension | Discovered new exit (range 15) 3870 | -6/Extension | Identified exit to Cetus 3880 | -6/Extension | Identified exit to Factory 4063 | -6/Extension | Lost 3 parts (3u) 4132 | -6/Extension | Entered Cetus 4148 | -6/Cetus | Spotted Cetus Guard 4148 | -6/Cetus | Spotted Cetus Guard 4157 | -6/Cetus | Spotted Cetus Guard 4161 | -6/Cetus | Destroyed Cetus Guard 4161 | -6/Cetus | Spotted Cetus Guard 4192 | -6/Cetus | Core integrity fell below 50% 4205 | -6/Cetus | Discovered exit to Factory (range 16) 4231 | -6/Cetus | Lost 11 parts (2p2n5u2w) 4235 | -6/Cetus | Core integrity fell below 20% 4238 | -6/Cetus | Destroyed by Cetus Guard with Advanced KE Penetrator Last Messages --------------- 04175_ Penetrated by Slug. 04191_ Flexi-carbon Leg destroyed. 04191_ Penetrated by Slug. 04194_ Cld. Plasma Cannon destroyed. 04195_ Dropped Imp. Field Recycling Unit. 04196_ Slug penetrates Wall. 04196_ Dropped Thermal Shield. 04197_ Fission Core destroyed. 04197_ Penetrated by Slug. 04197_ Dropped Med. Storage Unit. 04197_ Penetrated by Slug. 04200_ Slug penetrates Wall. 04200_ ECM Suite destroyed. 04200_ Penetrated by Slug. 04200_ Adv. Targeting Computer destroyed. 04203_ Penetrated by Slug. 04204_ Slug penetrates Wall. 04205_ EXIT=FOUND: FACTORY 04227_ Slug penetrates Wall. 04230_ Penetrated by Slug. Map ----- +----------------------------------------------------+ | ??????????????????????#####?????????????????????? | | ??????????????????????# #?????????????????????? | | ??????????????????????# < #?????????????????????? | | ??????????????????????# #?????????????????????? | | ??????????????????????# #?????????????????????? | | ??????????????????????# #?????????????????????? | | ?????????????????????## #?????????????????????? | | ?????????????????????#" #?????????????????????? | | ?????????????????????## #?????????????????????? | | ??????????????????????# #?????????????????????? | | ??????????????????????# #?????????????????????? | | ??????????????????????# #?????????????????????? | | ??????????????????????# #?????????????????????? | | ??????????????????????# #?????????????????????? | | ??????????????????????# #?????????????????????? | | ??????????????????????# #?????????????????????? | | ??????????????????????# #?????????????????????? | | ??????????????????????# #?????????????????????? | | ??????????????????????# #?????????????????????? | | ??????????????????????#Y #?????????????????????? | | ??????????????????????# YY#?????????????????????? | | ?????????????????????## #?????????????????????? | | ?????????????????????#; #?????????????????????? | | ?????????????????????## #?????????????????????? | | ??????????????????????# #?????????????????????? | | ??????????????????????# @ #?????????????????????? | | ??????????????????????# #?????????????????????? | | ?????????????????????## #?????????????????????? | | ?????????????????????#; #?????????????????????? | | ?????????????????????## #?????????????????????? | | ??????????????????????# #?????????????????????? | | ??????????????????????; #?????????????????????? | | ??????????????????????# #?????????????????????? | | ??????????????????????# !!#?????????????????????? | | ????????????????????### !#?????????????????????? | | ????????????????##### ; #?????????????????????? | | ?################"""""; ######????????????????? | | ?# % ????????????? | | ?# ! +??????????? | | ?# *%% ???????????? | | ?###########"################### ##???????????? | | ??????????????????????????????????##????????????? | | ????????????????????????????????????????????????? | | ????????????????????????????????????????????????? | | ????????????????????????????????????????????????? | | ????????????????????????????????????????????????? | | ????????????????????????????????????????????????? | | ????????????????????????????????????????????????? | | ????????????????????????????????????????????????? | | ????????????????????????????????????????????????? | +----------------------------------------------------+ Best States ------------- Heat Dissipation 37 Energy Generation 18 Energy Capacity 310 Matter Stores 300 Matter Capacity 300 Sight Range 20 Robot Scan Range 15 Terrain Scan Range 16 Terrain Scan Density 85 ECM Strength 1 Armor Coverage 375 Resistance: KI 20 Resistance: TH 40 Resistance: EX 20 Resistance: EM 20 Resistance: I 20 Resistance: S 20 Resistance: P 20 Evasion (%) 55 Targeting Accuracy 8 Armor Integrity Analysis 30 Recoil Reduction 4 Matter Filtering 30 Offensive Hacking 20 Item Schematics ----------------- None Robot Schematics ------------------ None Fabricated ------------ Nothing Alien Tech Used ----------------- None Achievements -------------- None Challenges ------------ None Game ------ Seed SuperchargedLightpackCharger Manual? 0 Play Time 00:55:28 Cumulative 59.9 hours Start 2024.06.22 @ 18:01:00 End 2024.06.22 @ 18:54:33 Sessions 1 Manual Loads 0 Difficulty Adventurer Special Mode None Game No. 87 Rogue 17 Adventurer 70 Explorer 0 Win Type - Total 0 Types 0/0/0/0/0/0/0/0/0 Lore% 27 Gallery% 49 Achievement% 42 Wizard Run 0 Options --------- Layout 1 ASCII 0 Keyboard 0 Movement Mouse Keybinds 0 Fullscreen 1 Font 32/SmallcapsGlow Map View 50x35 Zoom Use 0% Tactical HUD 1 Map Filters NONE Filters NONE Steam 1 RUN: 63c3d72b-c36c-4eb6-bdd8-f9a81205c8a5